PUB
ATLANTIC CITY ACES @ REDWOOD PIONEERS
08/02/1972
 
TOP OF THE 1ST
Atlantic City Aces batting - Pitching for Redwood Pioneers : RHP Charles Johnston
Pitching: RHP Charles Johnston
Batting: LHB Sonny Jackson 0-0: Ground out U3 (Groundball, 34, EV 88.1 MPH)
Batting: RHB Kazuyuki Fujihara 0-0: Foul Ball, location: 2F
0-1: Foul Ball, location: 9LMF
0-2: Foul Ball, location: 2F
0-2: Ball
1-2: Strikes out swinging
Batting: LHB Petter Bhatti 0-0: Swinging Strike
0-1: Called Strike
0-2: Strikes out looking
Top of the 1st over - 0 runs, 0 hits, 0 errors, 0 left on base; Atlantic City 0 - Redwood 0
BOTTOM OF THE 1ST
Redwood Pioneers batting - Pitching for Atlantic City Aces : RHP Scott Jefferson
Pitching: RHP Scott Jefferson
Batting: LHB Bobby Murcer 0-0: Ball
1-0: Ball
2-0: Swinging Strike
2-1: Called Strike
2-2: Ball
3-2: Foul Ball, location: 2F
3-2: Strikes out swinging
Batting: RHB Alfredo Nannini 0-0: Ball
1-0: Foul Ball, location: 9LMF
1-1: Ball
2-1: Ball
3-1: Called Strike
3-2: Base on Balls
Batting: LHB Jerry Gregory 0-0: Ball
1-0: Called Strike
1-1: Swinging Strike
1-2: Strikes out looking
Batting: RHB José Moya 0-0: Ball
1-0: Ball
2-0: Hit by Pitch
Alfredo Nannini to second
Batting: LHB Howard York 0-0: Foul Ball, location: 5FF
0-1: Ball
1-1: SINGLE (Groundball, 4D, EV 103.1 MPH)
Alfredo Nannini to third
José Moya to second
Runner from 3rd tries for Home, throw by CF and OUT! 8-2
Bottom of the 1st over - 0 runs, 1 hit, 0 errors, 2 left on base; Atlantic City 0 - Redwood 0
TOP OF THE 2ND
Atlantic City Aces batting - Pitching for Redwood Pioneers : RHP Charles Johnston
Batting: LHB Thurman Hoffman 0-0: Called Strike
0-1: Ball
1-1: Called Strike
1-2: Ball
2-2: Strikes out swinging
Batting: RHB Roy Foster 0-0: Ground out 6-3 (Groundball, 56, EV 80.6 MPH)
Batting: RHB Jack Powers 0-0: Ball
1-0: Ball
2-0: Foul Ball, location: 23F
2-1: Foul Ball, location: 3SF
2-2: Ground out 5-3 (Groundball, 56S, EV 88.8 MPH)
Top of the 2nd over - 0 runs, 0 hits, 0 errors, 0 left on base; Atlantic City 0 - Redwood 0
BOTTOM OF THE 2ND
Redwood Pioneers batting - Pitching for Atlantic City Aces : RHP Scott Jefferson
Batting: RHB Steve Scott 0-0: Called Strike
0-1: Foul Ball, location: 5FF
0-2: Strikes out swinging
Batting: RHB Joe Givens 0-0: Ball
1-0: Called Strike
1-1: Called Strike
1-2: SINGLE (Line Drive, 7S, EV 98.8 MPH)
Batting: SHB Steve Shaw 0-0: Ball
1-0: Ball
2-0: Called Strike
2-1: Ball
3-1: Base on Balls
Joe Givens to second
Batting: SHB Charles Johnston 0-0: Bunt missed!
0-1: Bunted foul
0-2: Ball
1-2: Bunted foul, Strikeout!
Batting: LHB Bobby Murcer 0-0: Called Strike
0-1: Called Strike
0-2: Strikes out swinging
Bottom of the 2nd over - 0 runs, 1 hit, 0 errors, 2 left on base; Atlantic City 0 - Redwood 0
TOP OF THE 3RD
Atlantic City Aces batting - Pitching for Redwood Pioneers : RHP Charles Johnston
Batting: SHB Jorge González 0-0: Ball
1-0: Foul Ball, location: 7LDF
1-1: Ball
2-1: Swinging Strike
2-2: Foul Ball, location: 2F
2-2: Strikes out swinging
Batting: RHB Ellie Rodriguez 0-0: Ball
1-0: Fly out, F7 (Flyball, 7S, EV 95.0 MPH)
Batting: LHB Scott Jefferson 0-0: Ball
1-0: Swinging Strike
1-1: Ball
2-1: Called Strike
2-2: Foul Ball, location: 7LSF
2-2: Strikes out swinging
Top of the 3rd over - 0 runs, 0 hits, 0 errors, 0 left on base; Atlantic City 0 - Redwood 0
BOTTOM OF THE 3RD
Redwood Pioneers batting - Pitching for Atlantic City Aces : RHP Scott Jefferson
Batting: RHB Alfredo Nannini 0-0: Ground out 5-3 (Groundball, 5L, EV 105.6 MPH)
Batting: LHB Jerry Gregory 0-0: Called Strike
0-1: Called Strike
0-2: Fly out, F8 (Flyball, 89D, EV 96.9 MPH)
Batting: RHB José Moya 0-0: Ball
1-0: Called Strike
1-1: Ball
2-1: Ball
3-1: Called Strike
3-2: Strikes out swinging
Bottom of the 3rd over - 0 runs, 0 hits, 0 errors, 0 left on base; Atlantic City 0 - Redwood 0
TOP OF THE 4TH
Atlantic City Aces batting - Pitching for Redwood Pioneers : RHP Charles Johnston
Batting: LHB Sonny Jackson 0-0: Called Strike
0-1: Swinging Strike
0-2: Ball
1-2: Foul Ball, location: 7LMFF
1-2: Strikes out swinging
Batting: RHB Kazuyuki Fujihara 0-0: Called Strike
0-1: Ball
1-1: Ground out 5-3 (Groundball, 5, EV 104.4 MPH)
Batting: LHB Petter Bhatti 0-0: Ball
1-0: Ball
2-0: Called Strike
2-1: Foul Ball, location: 5FF
2-2: Strikes out swinging
Top of the 4th over - 0 runs, 0 hits, 0 errors, 0 left on base; Atlantic City 0 - Redwood 0
BOTTOM OF THE 4TH
Redwood Pioneers batting - Pitching for Atlantic City Aces : RHP Scott Jefferson
Batting: LHB Howard York 0-0: Ball
1-0: Foul Ball, location: 3FF
1-1: Foul Ball, location: 7LSF
1-2: Strikes out swinging
Batting: RHB Steve Scott 0-0: Called Strike
0-1: Ball
1-1: Ball
2-1: Foul Ball, location: 2F
2-2: Fly out, F8 (Flyball, 8RD, EV 89.4 MPH)
Batting: RHB Joe Givens 0-0: Called Strike
0-1: Ball
1-1: Called Strike
1-2: Ground out 6-3 (Groundball, 6, EV 80.6 MPH)
Bottom of the 4th over - 0 runs, 0 hits, 0 errors, 0 left on base; Atlantic City 0 - Redwood 0
TOP OF THE 5TH
Atlantic City Aces batting - Pitching for Redwood Pioneers : RHP Charles Johnston
Batting: LHB Thurman Hoffman 0-0: Called Strike
0-1: Ball
1-1: Foul Ball, location: 2F
1-2: Ball
2-2: Foul Ball, location: 5FF
2-2: Ball
3-2: Strikes out looking
Batting: RHB Roy Foster 0-0: Ball
1-0: Called Strike
1-1: Called Strike
1-2: Strikes out swinging
Batting: RHB Jack Powers 0-0: Ball
1-0: Ball
2-0: Swinging Strike
2-1: Called Strike
2-2: Foul Ball, location: 3SF
2-2: Strikes out swinging
Top of the 5th over - 0 runs, 0 hits, 0 errors, 0 left on base; Atlantic City 0 - Redwood 0
BOTTOM OF THE 5TH
Redwood Pioneers batting - Pitching for Atlantic City Aces : RHP Scott Jefferson
Batting: SHB Steve Shaw 0-0: Ball
1-0: Swinging Strike
1-1: Fly out, F9 (Flyball, 9, EV 99.4 MPH)
Batting: SHB Charles Johnston 0-0: Foul Ball, location: 5DF
0-1: Ball
1-1: Ball
2-1: Foul Ball, location: 2F
2-2: Strikes out swinging
Batting: LHB Bobby Murcer 0-0: Ball
1-0: Called Strike
1-1: Foul Ball, location: 2F
1-2: Fly out, F7 (Flyball, 7, EV 92.5 MPH)
Bottom of the 5th over - 0 runs, 0 hits, 0 errors, 0 left on base; Atlantic City 0 - Redwood 0
TOP OF THE 6TH
Atlantic City Aces batting - Pitching for Redwood Pioneers : RHP Charles Johnston
Batting: SHB Jorge González 0-0: Foul Ball, location: 2F
0-1: DOUBLE (Flyball, 89D, EV 96.9 MPH)
Batting: RHB Ellie Rodriguez 0-0: SINGLE (Groundball, 6S, EV 67.5 MPH) (infield hit)
Jorge González to third
Batting: LHB Scott Jefferson 0-0: Ball
1-0: Ball
2-0: Ball
3-0: Called Strike
3-1: Called Strike
3-2: Sac Bunt to 2R - play at first, batter OUT! 2-3
Ellie Rodriguez to second
Batting: LHB Sonny Jackson 0-0: Called Strike
0-1: Ball
1-1: Ball
2-1: SINGLE (Line Drive, 7LS, EV 98.8 MPH)
Jorge González scores
Ellie Rodriguez to third
Batting: RHB Kazuyuki Fujihara 0-0: Called Strike
0-1: Ball
1-1: Ball
2-1: Swinging Strike
2-2: Fielders Choice at home, 4-2 (Groundball, 34, EV 81.3 MPH)
Sonny Jackson to second
Batting: LHB Petter Bhatti 0-0: SINGLE (Line Drive, 56, EV 108.8 MPH)
Sonny Jackson to third
Kazuyuki Fujihara to second
Runner from 3rd tries for Home, SAFE, throw by LF to home
Batting: LHB Thurman Hoffman 0-0: Ball
1-0: 3-RUN HOME RUN (Flyball, 78XD, EV 103.1 MPH), Distance : 409 ft
Pitching: RHP Hiroya Kimura
Batting: RHB Roy Foster 0-0: Ball
1-0: Swinging Strike
1-1: Called Strike
1-2: Fly out, F7 (Flyball, 7, EV 93.1 MPH)
Top of the 6th over - 5 runs, 5 hits, 0 errors, 0 left on base; Atlantic City 5 - Redwood 0
BOTTOM OF THE 6TH
Redwood Pioneers batting - Pitching for Atlantic City Aces : RHP Scott Jefferson
Batting: RHB Alfredo Nannini 0-0: Foul Ball, location: 9LSF
0-1: Swinging Strike
0-2: Ball
1-2: Strikes out swinging
Batting: LHB Jerry Gregory 0-0: DOUBLE (Line Drive, 8LXD, EV 98.1 MPH)
Batting: RHB José Moya 0-0: Ball
1-0: Fly out, F8 (Line Drive, 8LM, EV 105.0 MPH)
Batting: LHB Howard York 0-0: Called Strike
0-1: Ball
1-1: Called Strike
1-2: Ball
2-2: Strikes out looking
Bottom of the 6th over - 0 runs, 1 hit, 0 errors, 1 left on base; Atlantic City 5 - Redwood 0
TOP OF THE 7TH
Atlantic City Aces batting - Pitching for Redwood Pioneers : RHP Hiroya Kimura
Batting: RHB Jack Powers 0-0: Called Strike
0-1: Swinging Strike
0-2: Foul Ball, location: 5F
0-2: Ball
1-2: Strikes out swinging
Batting: SHB Jorge González 0-0: DOUBLE (Line Drive, 89D, EV 111.9 MPH)
Batting: RHB Ellie Rodriguez 0-0: Ball
1-0: Ball
2-0: Ball
3-0: Swinging Strike
3-1: Foul Ball, location: 7LMF
3-2: Foul Ball, location: 9LDF
3-2: Strikes out looking
Batting: LHB Scott Jefferson 0-0: Ball
1-0: Called Strike
1-1: Swinging Strike
1-2: Ball
2-2: Strikes out swinging
Top of the 7th over - 0 runs, 1 hit, 0 errors, 1 left on base; Atlantic City 5 - Redwood 0
BOTTOM OF THE 7TH
Redwood Pioneers batting - Pitching for Atlantic City Aces : RHP Scott Jefferson
Batting: RHB Steve Scott 0-0: Ground out 6-3 (Groundball, 6S, EV 90.6 MPH)
Pitching: RHP Derrick Davis
Batting: RHB Joe Givens 0-0: Ball
1-0: Called Strike
1-1: Foul Ball, location: 9LMF
1-2: Ball
2-2: Ground out 6-3 (Groundball, 6, EV 85.6 MPH)
Batting: SHB Steve Shaw 0-0: Called Strike
0-1: Ball
1-1: Swinging Strike
1-2: Ball
2-2: Ball
3-2: Strikes out swinging
Bottom of the 7th over - 0 runs, 0 hits, 0 errors, 0 left on base; Atlantic City 5 - Redwood 0
TOP OF THE 8TH
Atlantic City Aces batting - Pitching for Redwood Pioneers : RHP Hiroya Kimura
Batting: LHB Sonny Jackson 0-0: Ball
1-0: Ball
2-0: Ball
3-0: Called Strike
3-1: SINGLE (Line Drive, 78S, EV 90.0 MPH)
Batting: RHB Kazuyuki Fujihara 0-0: Foul Ball, location: 9LSFF
0-1: Grounds into double play, 5-4-3 (Groundball, 56, EV 103.8 MPH)
Batting: LHB Petter Bhatti 0-0: Ball
1-0: Ground out U3 (Groundball, 3S, EV 69.4 MPH)
Top of the 8th over - 0 runs, 1 hit, 0 errors, 0 left on base; Atlantic City 5 - Redwood 0
BOTTOM OF THE 8TH
Redwood Pioneers batting - Pitching for Atlantic City Aces : RHP Derrick Davis
Pinch Hitting: RHB Elliott Maddox 0-0: Ball
1-0: Ball
2-0: Called Strike
2-1: Swinging Strike
2-2: Strikes out looking
Batting: LHB Bobby Murcer 0-0: Ball
1-0: SINGLE (Line Drive, 9S, EV 99.4 MPH)
Batting: RHB Alfredo Nannini 0-0: Ball
1-0: Ball
2-0: Grounds into double play, 4-6-3 (Groundball, 4, EV 83.1 MPH)
Bottom of the 8th over - 0 runs, 1 hit, 0 errors, 0 left on base; Atlantic City 5 - Redwood 0
TOP OF THE 9TH
Atlantic City Aces batting - Pitching for Redwood Pioneers : RHP Hiroya Kimura
Pitching: RHP Kanko Fukuda
Batting: LHB Thurman Hoffman 0-0: Called Strike
0-1: Foul Ball, location: 2F
0-2: Strikes out swinging
Batting: RHB Roy Foster 0-0: Hit by Pitch
Batting: RHB Jack Powers 0-0: Called Strike
0-1: Ball
1-1: Called Strike
1-2: Strikes out swinging
Batting: SHB Jorge González 0-0: Ball
1-0: SINGLE (Groundball, 3D, EV 108.8 MPH) (infield hit)
Roy Foster to second
Batting: RHB Ellie Rodriguez 0-0: Called Strike
0-1: Called Strike
0-2: Ball
1-2: Strikes out looking
Top of the 9th over - 0 runs, 1 hit, 0 errors, 2 left on base; Atlantic City 5 - Redwood 0
BOTTOM OF THE 9TH
Redwood Pioneers batting - Pitching for Atlantic City Aces : RHP Derrick Davis
Batting: LHB Jerry Gregory 0-0: Foul Ball, location: 2F
0-1: Ball
1-1: Ground out 5-3 (Groundball, 56, EV 98.1 MPH)
Batting: RHB José Moya 0-0: Ball
1-0: Ball
2-0: Ball
3-0: Called Strike
3-1: Swinging Strike
3-2: Strikes out swinging
Pitching: RHP Augusto García
Batting: LHB Howard York 0-0: Called Strike
0-1: Ball
1-1: Foul Ball, location: 25FF
1-2: Ball
2-2: Foul Ball, location: 2F
2-2: Strikes out looking
Bottom of the 9th over - 0 runs, 0 hits, 0 errors, 0 left on base; Atlantic City 5 - Redwood 0
Wednesday, April 17th , 2024 - OOTP Baseball 24.8 Build 75